 Dungeon Crawl Stone Soup version 0.27-a0-679-g77a6b55cf3 (webtiles) character file.

Game seed: 5863593646474215003

3 rednaxela the Caller (level 1, -1/14 HPs)
             Began as a Palentonga Summoner on Mar 18, 2021.
             Slain by a kobold
             ... wielding a +0 short sword
              (3 damage)
             ... on level 1 of the Dungeon.
             The game lasted 00:00:44 (243 turns).

rednaxela the Caller (Palentonga Summoner)           Turns: 243, Time: 00:00:44

Health: -1/14      AC:  5    Str: 11    XL:     1   Next: 41%
Magic:  2/3        EV:  8    Int: 15    God:
Gold:   8          SH:  0    Dex: 10    Spells: 3/4 levels left

rFire    . . .     SeeInvis +   d - +0 club
rCold    . . .     Faith    .   (no shield)
rNeg     . . .     Spirit   .   g - +0 ring mail
rPois    .         Reflect  .   (no helmet)
rElec    .         Harm     .   (no cloak)
rCorr    .         Rampage  .   (no gloves)
Will     .....                  (no barding)
Stlth    +.........             (no amulet)
HPRegen  0.04/turn              e - ring of wizardry
MPRegen  0.08/turn              (no ring)

@: no status effects
A: large, rugged brown scales 3, see invisible, deformed body, roll 1, armoured
tail
a: Rolling Charge


You were on level 1 of the Dungeon.
You visited 1 branch of the dungeon, and saw 1 of its levels.

You collected 8 gold pieces.

Inventory:

Hand Weapons
 d - a +0 club (weapon)
   (You took it off a hobgoblin on level 1 of the Dungeon)
Armour
 g - a +0 ring mail (worn)
   (You found it on level 1 of the Dungeon)
Jewellery
 e - a ring of wizardry (right hand)
   (You found it on level 1 of the Dungeon)
Potions
 b - a potion of mutation {unknown}
 c - a potion of curing {unknown}
 f - a potion of berserk rage {unknown}


   Skills:
 - Level 1.5 Dodging
 - Level 1.2 Stealth
 + Level 1.0 Unarmed Combat
 - Level 2.0 Spellcasting
 - Level 3.2 Summonings


You had 3 spell levels left.
You knew the following spells:

 Your Spells              Type           Power      Damage    Failure   Level
a - Summon Small Mammal   Summ           44%        N/A       6%          1

Your spell library contained the following spells:

 Spells                   Type           Power      Damage    Failure   Level
 Call Imp                 Summ           11%        N/A       9%          2
 Call Canine Familiar     Summ           11%        N/A       16%         3
 Summon Guardian Golem    Hex/Summ       6%         N/A       32%         3
 Summon Ice Beast         Ice/Summ       6%         N/A       69%         4
 Summon Lightning Spire   Summ/Air       6%         N/A       69%         4


Dungeon Overview and Level Annotations

Branches:
Dungeon (1/15)

Altars:


Innate Abilities, Weirdness & Mutations

You are completely covered in rugged brown scales. (AC +3, +7% HP)
You have supernaturally acute eyesight. (SInv)
Armour fits poorly on your strangely shaped body.
You can roll at nearby foes to attack.
You have a long armoured tail.


Message History

Welcome, rednaxela the Palentonga Summoner.
The bosom of this dungeon contains the legendary artefact, the Orb of Zot.
Press ? for a list of commands and other information.
Found a staircase leading out of the dungeon.
Found a dark potion.
b - a dark potion As you open the door, it creaks loudly!
There is an open door here.
Found 8 gold pieces.
A goblin comes into view.
The goblin shouts!
Found a stone staircase leading down.
A rat comes into view.
You hit the goblin.
Your tail-slap misses the goblin.
The goblin is severely wounded.
The goblin hits you but does no damage.
You hit the goblin but do no damage. You tail-slap the goblin.
You kill the goblin!
You hit the rat. Your punch misses the rat.
The rat is severely wounded.
The rat bites you but does no damage.
You hit the rat.
You kill the rat!
No target in view!
You see here a rat corpse.
You now have 8 gold pieces.
A hobgoblin comes into view. It is wielding a +0 club.
The hobgoblin shouts!
Found a large garnet ring.
You barely miss the hobgoblin. You tail-slap the hobgoblin.
You kill the hobgoblin!
Your Unarmed Combat skill increases to level 1!
No target in view!
c - a glowing sapphire potion
Things that are here:
a +0 club; a hobgoblin corpse
d - a +0 club
d - a +0 club (weapon)
e - a ring of wizardry
e - a ring of wizardry (right hand) As you open the door, it creaks loudly!
There is an open door here.
You open the door.
Found a ring mail.
There is an open door here.
You see here a +0 ring mail.
f - a lumpy cyan potion You see here a +0 ring mail.
g - a +0 ring mail You start removing your armour.
You continue taking off your +0 robe. x4
You finish taking off your +0 robe.
You start putting on your armour.
You continue putting on your +0 ring mail. x5
You finish putting on your +0 ring mail.
Drop what? 7/52 slots (_ for help) (? for menu, Esc to quit)
You drop a +0 robe.
There is an open door here.
You open the door.
A kobold comes into view. It is wielding a +0 short sword.
The kobold shouts!
There is an open door here.
You closely miss the kobold. The kobold hits you but does no damage.
You barely miss the kobold. The kobold barely misses you.
You barely miss the kobold.
The kobold hits you with a +0 short sword.
You closely miss the kobold. The kobold barely misses you.
The kobold hits you with a +0 short sword.
* * * LOW HITPOINT WARNING * * *
Casting: Summon Small Mammal (safe; 6% risk of failure)
Confirm with . or Enter, or press ? or * to list all spells.
The kobold hits you with a +0 short sword.
* * * LOW HITPOINT WARNING * * *
Your bat closely misses the kobold.
The kobold hits you with a +0 short sword.
You die...

#.# #..# ... #####..####
..........# ..........# #
......Kb..# # #@## #
###..#### # #.......# #
#.......## #
#######........#######.#.#
#.....#...................
#.###.#.......##.#########
#.#...######'###...#......
#............###.#.#.#####


You could see a kobold (ally target) and a friendly bat (summoned).

Vanquished Creatures
  A goblin (D:1)
  A hobgoblin (D:1)
  A rat (D:1)
3 creatures vanquished.

Notes
Turn   | Place    | Note
-------+----------+-------------------------------------------
     0 | D:1      | rednaxela the Palentonga Summoner began the quest for the
                  | Orb.
     0 | D:1      | Reached XP level 1. HP: 14/14 MP: 3/3
    89 | D:1      | Reached skill level 1 in Unarmed Combat
   243 | D:1      | Slain by a kobold

Illustrated notes

Levels and vault maps discovered:
D:1:      matt_arrival_spirals, layout_basic

Skill      XL: |  1 |
---------------+----+-----
Unarmed Combat | 1 |  1.0
Dodging        | |  1.5
Stealth        | |  1.2
Spellcasting   | |  2.0
Summonings     | |  3.2

Action                   || total
-------------------------++-------
Melee: Unarmed           ||     5
       Club              ||     4
       Tailslap          ||     2
 Cast: Summon Small Mamm ||     1
Armor: Robe              ||     2
       Ring mail         ||     1
Dodge: Dodged            ||     2

Table legend: (Time is in decaauts)
 A = Elapsed time spent in this place.
 B = Non-inter-level travel time spent in this place.
 C = Inter-level travel time spent in this place.
 D = Time resting spent in this place.
 E = Time spent auto-exploring this place.
 F = Levels seen in this place.
 G = Mean time per level.
                   A        B        C        D        E       F      G
               +--------+--------+--------+--------+--------+-----+--------+
         Total |    243 |    210 |     33 |      0 |     89 |   1 |  243.0 |
       Dungeon |    243 |    210 |     33 |      0 |     89 |   1 |  243.0 |
               +--------+--------+--------+--------+--------+-----+--------+

Top non-repeatable levels by time:
     D:1: 243 daAuts
